 Dungeon Crawl Stone Soup version 0.17-a0-2118-g63bad21 (webtiles) character file.

1745 4thArraOfDagon the Cleaver (level 8, -2/75 HPs)
             Began as a Deep Dwarf Berserker on Oct 20, 2015.
             Was a Believer of Trog.
             Killed from afar by a hungry ghost (22 damage)
             ... with an exploding inner flame
             ... hexed by the player character
             ... on level 9 of the Dungeon.
             The game lasted 00:06:11 (986 turns).

4thArraOfDagon the Cleaver (Deep Dwarf Berserker)    Turns: 986, Time: 00:06:12

Health: -2/75      AC: 10    Str: 21    XL:     8   Next: 77%
Magic:  10/11      EV:  8    Int: 12    God:    Trog [**....]
Gold:   152        SH:  0    Dex: 12    Spells: 0 memorised, 7 levels left

rFire  . . .     SeeInvis .     m - +3 hand axe (pain)
rCold  . . .     Clarity  .     q - +0 chain mail
rNeg   . . .     SustAt   .     (no shield)
rPois  .         Gourm    .     (no helmet)
rElec  .         Spirit   .     (no cloak)
rCorr  .         Warding  .     (no gloves)
rMut   .         Stasis   .     (no boots)
MR     +....                    (no amulet)
Stlth  ..........               (no ring)
                                k - +2 ring of intelligence

@: exhausted, fainting, non-regenerating, slowed, very slow, somewhat resistant
to hostile enchantments, extremely unstealthy
A: damage resistance, recharge devices, sense surroundings 1, slow regeneration
3
a: Device Recharging, Berserk, Trog's Hand, Burn Spellbooks, Renounce Religion


You were on level 9 of the Dungeon.
You worshipped Trog.
Trog was pleased with you.
You were fainting.

You visited 1 branch of the dungeon, and saw 10 of its levels.

You collected 152 gold pieces.

Inventory:

Hand Weapons
 a - a +0 war axe
 m - a +3 hand axe of pain (weapon)
Armour
 q - a +0 chain mail (worn)
 s - the cursed +1 robe of Fortitude {rElec rC- rN+, unknown}
   (You found it on level 9 of the Dungeon)

   It makes you vulnerable to cold.
   It insulates you from electricity.
   It protects you from negative energy.
   It has a curse placed upon it.
Jewellery
 k - a +2 ring of intelligence (left hand)
Wands
 c - a wand of heal wounds (0)
Scrolls
 f - 3 scrolls of recharging {unknown}
Potions
 b - 2 potions of curing {unknown}
 e - a potion of cure mutation {unknown}
 h - a potion of degeneration {unknown}
 n - a potion of might {unknown}
 r - a potion of heal wounds {unknown}
Books
 i - a book of Unlife

   Spells                             Type                      Level
   a - Recall                         Summoning/Translocation      3
   b - Animate Dead                   Necromancy                   4
   c - Control Undead                 Necromancy                   4
   d - Cigotuvi's Embrace             Necromancy                   5
   e - Death Channel                  Necromancy                   6
   f - Simulacrum                     Ice/Necromancy               6
   Trog disapproves of the use of such an item.
Comestibles
 d - 8 bread rations


   Skills:
 + Level 5.5 Fighting
 * Level 8.7 Axes
 + Level 6.0 Armour
 - Level 2.1 Dodging
 + Level 5.3 Evocations


You had 7 spell levels left.
You didn't know any spells.

Dungeon Overview and Level Annotations

Branches:
Dungeon (10/15)               Orc (0/4) D:9
 Temple: D:4-7         Lair: D:8-11

Altars:
Dithmenos
Fedhas
Nemelex Xobeh
Okawaru
Sif Muna
Yredelemnul


Innate Abilities, Weirdness & Mutations

You are resistant to damage.
You can recharge devices by infusing magical energy.
You passively map a small area around you.
You do not regenerate naturally.


Message History

The fiery explosion engulfs the troll zombie.
The troll zombie explodes!
The fiery explosion engulfs the troll zombie.
The fiery explosion engulfs the orc.
The orc explodes!
The fiery explosion engulfs the troll zombie.
Trog accepts your kill.
The fiery explosion engulfs the troll zombie.
The troll zombie explodes!
The fiery explosion engulfs the orc zombie.
The orc zombie explodes!
The fiery explosion engulfs the troll zombie.
The troll zombie explodes!
Your Evocations skill increases to level 5!
Trog accepts your kill. The fiery explosion engulfs you!
* * * LOW HITPOINT WARNING * * *
Your Armour skill increases to level 6!
The fiery explosion engulfs you!
You die...

, ,
##....%........
.#...............
,
...8.....>.....8.
#....§§§§)......,
#.§§§§§§§§....# *
#%§§§§§§§§....# ,
*#.§§§§§8§§§... *
* #@§§§§#** * *
###§#§# * #.§.# *
###%# #.# * * #>#
#.# * #.# * #..


There were no monsters in sight!

Vanquished Creatures
  A gargoyle (D:10)
  A spriggan (D:8)
  2 hungry ghosts (D:9)
  An orc warrior (D:9)
  An ice beast (D:9)
  5 troll zombies (D:9)
  A scorpion (D:10)
  A centaur zombie (D:9)
  A crimson imp (D:5)
  5 orc priests
  Ijyb (D:3)
  6 orc wizards
  A worker ant (D:6)
  2 ogre zombies (D:9)
  6 adders
  2 oozes
  2 worms (D:2)
  21 orcs
  3 giant cockroaches (D:3)
  2 hobgoblins (D:3)
  5 jackals (D:2)
  4 kobolds
  4 bats
  A giant gecko skeleton (D:7)
  4 goblins
  A hobgoblin skeleton (D:9)
  3 hobgoblin zombies (D:9)
  5 orc skeletons (D:9)
  11 orc zombies (D:9)
  2 rats
105 creatures vanquished.

Notes
Turn   | Place    | Note
--------------------------------------------------------------
     0 | D:1      | 4thArraOfDagon the Deep Dwarf Berserker began the quest for the Orb.
     0 | D:1      | Reached XP level 1. HP: 20/20 MP: 1/1
    11 | D:2      | Found a sparkling altar of Nemelex Xobeh.
    42 | D:2      | Reached XP level 2. HP: 27/27 MP: 2/2
    83 | D:2      | Reached skill level 4 in Axes
    83 | D:2      | Reached XP level 3. HP: 10/34 MP: 3/3
   125 | D:2      | Reached ** piety under Trog
   162 | D:3      | Noticed Ijyb
   180 | D:3      | Killed Ijyb
   180 | D:3      | Reached XP level 4. HP: 42/42 MP: 4/4
   279 | D:3      | Reached XP level 5. HP: 48/49 MP: 5/5
   326 | D:4      | Reached skill level 5 in Axes
   393 | D:4      | Reached XP level 6. HP: 34/57 MP: 6/6
   463 | D:4      | Reached skill level 6 in Axes
   469 | D:4      | Reached skill level 1 in Evocations
   507 | D:5      | Entered Level 5 of the Dungeon
   589 | D:6      | Found a shadowy altar of Dithmenos.
   597 | D:6      | Found a blossoming altar of Fedhas.
   597 | D:6      | Found a deep blue altar of Sif Muna.
   597 | D:6      | Found a basalt altar of Yredelemnul.
   660 | D:7      | You fall through a shaft!
   703 | D:8      | Noticed a spriggan baker
   710 | D:8      | Killed a spriggan baker
   710 | D:8      | Reached XP level 7. HP: 56/66 MP: 8/8
   818 | D:9      | Reached skill level 7 in Axes
   827 | D:9      | Got a slimy robe
   881 | D:10     | Entered Level 10 of the Dungeon
   881 | D:10     | Noticed a gargoyle
   915 | D:10     | Killed a gargoyle
   915 | D:10     | Reached skill level 5 in Fighting
   915 | D:10     | Reached skill level 5 in Armour
   915 | D:10     | Reached XP level 8. HP: 47/74 MP: 8/10
   931 | D:10     | Found an iron altar of Okawaru.
   959 | D:9      | Found a staircase to the Orcish Mines.
   976 | D:9      | Reached skill level 8 in Axes
   986 | D:9      | Reached skill level 5 in Evocations
   986 | D:9      | Killed from afar by a hungry ghost

Vault maps used:
D:1:      ldierk_walled_garden
D:2:      nemelex_xobeh_ov_fountains_minmay, serial_forest,
          infiniplex_forest_straight_3, infiniplex_forest_join,
          infiniplex_forest_end_2, infiniplex_forest_pool,
          infiniplex_forest_clump_curved, infiniplex_forest_lined_corner,
          infiniplex_forest_zigzag_1
D:3:      first_bread, uniq_iyjb
D:4:      uniq_robin
D:5:      small_statue_intersection, kennysheep_cross_room,
          uniq_crazy_yiuf_cottage, uniq_sigmund, uniq_eustachio
D:6:      grunt_temple_overflow_open, minmay_temple_entry_overgrown,
          minmay_misc_feat_room, minmay_three_doors, uniq_grinder, uniq_duvessa
D:7:      serial_bayou_pond_a
D:8:      lemuel_doored_altar, erik_lair_orcish_takeover, the_bakery
D:9:      lemuel_coloured_pillars_altar, zombieorc2_lemuel
D:10:     hangedman_feature_mirror, okawaru_humans

Action                   |  1- 3 |  4- 6 |  7- 9 || total
-------------------------+-------+-------+-------++-------
Melee: Hand axe          |    53 |    84 |    73 ||   210
Invok: Berserk           |     2 |     5 |     4 ||    11
       Trog's Hand       |     1 |     6 |     6 ||    13
 Abil: Device Recharging |       |       |     1 ||     1
Evoke: Wand              |     1 |       |     8 ||     9
  Use: Scroll            |       |       |     4 ||     4
  Eat: Chunk             |       |     7 |     5 ||    12
       Meat ration       |       |       |     1 ||     1
